 Dungeon Crawl Stone Soup version 0.23.2-30-g0e89c35649 (webtiles) character file.

Game seed: 7167994983469535611

44 Hatywr the Sneak (level 3, 0/16 HPs)
             Began as a Spriggan Enchanter on June 17, 2019.
             Slain by a quokka (2 damage)
             ... on level 2 of the Dungeon.
             The game lasted 00:02:06 (1146 turns).

Hatywr the Sneak (Spriggan Enchanter)               Turns: 1146, Time: 00:02:07

Health: 0/16       AC:  2    Str:  4    XL:     3   Next: 39%
Magic:  8/8        EV: 18    Int: 16    God:
Gold:   24         SH:  0    Dex: 17    Spells: 6/7 levels left

rFire    . . .     SeeInvis +   a - +1 dagger
rCold    . . .     Gourm    .   (shield restricted)
rNeg     . . .     Faith    .   b - +0 robe
rPois    .         Spirit   .   (helmet restricted)
rElec    .         Reflect  .   (no cloak)
rCorr    .         Harm     .   (gloves unavailable)
MR       .....                  (boots unavailable)
Stlth    ++++......             (no amulet)
HPRegen  0.05/turn              (no ring)
MPRegen  0.11/turn              (no ring)

@: very quick
A: very small, unfitting armour, see invisible, herbivore, speed 3, slow
metabolism 2
a: no special abilities


You were on level 2 of the Dungeon.
You were not hungry.

You visited 1 branch of the dungeon, and saw 2 of its levels.

You collected 24 gold pieces.

Inventory:

Hand Weapons
 a - a +1 dagger (weapon)
Armour
 b - a +0 robe (worn)
Scrolls
 e - 3 scrolls of remove curse {unknown}
 f - a scroll of immolation {unknown}
 g - a scroll of teleportation {unknown}
Potions
 c - a potion of might {unknown}
Comestibles
 d - 3 rations


   Skills:
 - Level 1.1 Short Blades
 - Level 3.0 Dodging
 + Level 6.9 Stealth
 - Level 2.6 Spellcasting
 - Level 3.6 Hexes


You had 6 spell levels left.
You knew the following spells:

 Your Spells              Type           Power        Failure   Level  Hunger
a - Corona                Hex            ##.....      4%          1    #......

Your spell library contained the following spells:

 Spells                   Type           Power        Failure   Level  Hunger
 Confuse                  Hex            ##......     13%         3    ###....
 Tukima's Dance           Hex            ##......     13%         3    ###....
 Ensorcelled Hibernation  Hex/Ice        #.....       14%         2    ##.....
 Dazzling Spray           Conj/Hex       #.....       28%         3    ###....


Dungeon Overview and Level Annotations

Branches:
Dungeon (2/15)

Altars:


Innate Abilities, Weirdness & Mutations

You are very small and have problems with some larger weapons.
You are too small for most types of armour.
You have supernaturally acute eyesight. (SInv)
You are a herbivore.
You cover ground extremely quickly.
You need to consume almost no food.


Message History

You hit the kobold but do no damage.
The kobold is moderately wounded.
The quokka completely misses you. The kobold hits you.
* * * LOW HITPOINT WARNING * * *
You hit the kobold.
You kill the kobold!
The quokka bites you.
* * * LOW HITPOINT WARNING * * *
You see here a worm corpse.
You completely miss the quokka. The quokka misses you.
You closely miss the quokka. The quokka barely misses you.
You barely miss the quokka. The quokka completely misses you.
The quokka barely misses you.
You hit the quokka.
The quokka is moderately wounded.
The quokka misses you.
You hit the quokka.
The quokka is severely wounded.
The quokka bites you.
You die...

###... ..# ..##.#
..#....####.# #.....#
...... ...#.###.....##
#.....###.#..........#
#...........†.......###.
.#...................#..
..............#........#
.w.....<......(......#.#.
.....#......@r...........
#.#...###................
........#.####.........#
##...##..... ##..†..##.?
##. ...#.##............ #
#...................
.................### ##
...######..... ... ##....


You could see a quokka.

Vanquished Creatures
  An adder (D:2)
  A worm (D:2)
  3 dart slugs (D:1)
  A leopard gecko (D:1)
  2 goblins (D:1)
  A hobgoblin (D:1)
  2 jackals (D:1)
  4 kobolds
  5 bats (D:1)
  3 frilled lizards
  4 rats
27 creatures vanquished.

Notes
Turn   | Place    | Note
-------+----------+-------------------------------------------
     0 | D:1      | Hatywr the Spriggan Enchanter began the quest for the Orb.
     0 | D:1      | Reached XP level 1. HP: 9/9 MP: 5/5
   144 | D:1      | Reached skill level 5 in Stealth
   161 | D:1      | Reached XP level 2. HP: 11/13 MP: 6/6
   734 | D:1      | Reached skill level 6 in Stealth
  1036 | D:1      | Reached XP level 3. HP: 14/16 MP: 8/8
  1146 | D:2      | Slain by a quokka

Skill      XL: |  1  2 |
---------------+-------+-----
Stealth        | 5 6 |  6.9
Short Blades   | |  1.1
Dodging        | |  3.0
Spellcasting   | |  2.6
Hexes          | |  3.6

Action                   || total
-------------------------++-------
Melee: Dagger            ||    93
 Cast: Corona            ||     1
 Stab: Sleeping          ||    16
Armor: Robe              ||     9
Dodge: Dodged            ||    56
